 Dungeon Crawl Stone Soup version 0.21-b1-23-g1fb0a74 (webtiles) character file.

207706 rgaf the Imperceptible (level 18, -1/98 HPs)
             Began as a Vine Stalker Fighter on Jan 5, 2018.
             Was a Believer of Uskayaw.
             Drowned by a water elemental (2 damage)
             ... on level 4 of the Shoals.
             The game lasted 01:11:23 (34625 turns).

rgaf the Imperceptible (Vine Stalker Fighter)      Turns: 34625, Time: 01:11:24

Health: -1/98      AC: 33    Str: 23    XL:     18   Next: 76%
Magic:  0/31       EV:  8    Int: 11    God:    Uskayaw [**....]
Gold:   2236       SH: 12    Dex: 16    Spells: 17/17 levels left

rFire    + . .     SeeInvis .   U - +10 rapier "Earthworm" {distort, rC+ rN+}
rCold    + . .     Gourm    .   c - +1 shield
rNeg     + . .     Faith    .   Q - +2 plate armour {rPois}
rPois    +         Spirit   +   O - +2 helmet of Ru's Condemnation {Int+3}
rElec    .         Reflect  .   n - +0 cloak
rCorr    +         Harm     .   A - +3 pair of gauntlets of War {Slay+5}
MR       ++...                  K - +2 pair of boots
Stlth    ++........             r - amulet of rage
HPRegen  1.06/turn              k - ring of resist corrosion
MPRegen  0.22/turn              N - +3 ring of protection

@: engulfed (cannot breathe), mesmerised, studying Shields, very slow
A: fangs 3, repulsion field 1, clumsy 1, fire resistance 1, regeneration 2,
magic shield, antimagic bite, no potion heal 3, rot immunity, subdued magic 1
}: 1/15 runes: barnacled
a: Stomp, Line Pass, Renounce Religion, Evoke Berserk Rage


You were on level 4 of the Shoals.
You worshipped Uskayaw.
Uskayaw was most pleased with you.
You were not hungry.

You visited 6 branches of the dungeon, and saw 31 of its levels.
You visited 1 bazaar.
You also visited: Ice Cave.

You collected 3374 gold pieces.
You spent 1138 gold pieces at shops.

Inventory:

Hand Weapons
 a - a +3 dagger of draining
 b - a +2 rapier of holy wrath
 p - a +3 rapier of venom
 U - the +10 rapier "Earthworm" (weapon) {distort, rC+ rN+}
   (You bought it in a shop on level 2 of the Shoals)

   It warps and distorts space around it.
   Unwielding it can cause banishment or high damage.
   It protects you from cold.
   It protects you from negative energy.
Armour
 c - a +1 shield (worn)
 n - a +0 cloak (worn)
 A - the +3 pair of gauntlets of War (worn) {Slay+5}
   (You found it on level 2 of the Spider Nest)

   It affects your accuracy and damage with ranged weapons and melee attacks
   (+5).
 K - a +2 pair of boots (worn)
 O - the +2 helmet of Ru's Condemnation (worn) {Int+3}
   (You bought it in a shop on level 11 of the Dungeon)

   It affects your intelligence (+3).
 Q - a +2 plate armour of poison resistance (worn)
Jewellery
 j - an uncursed ring of stealth
 k - a ring of resist corrosion (left hand)
 l - an uncursed ring of protection from magic {unknown}
 r - an amulet of rage (around neck)
 s - an uncursed ring of flight
 x - a +4 ring of dexterity
 y - a +3 amulet of reflection
 N - a +3 ring of protection (right hand)
 S - an uncursed ring of magical power {unknown}
 T - an uncursed ring of protection from cold
Wands
 D - a wand of polymorph (48)
 G - a wand of digging (28)
 I - a wand of iceblast (32)
 J - a wand of paralysis (19)
 L - a wand of flame (93)
 X - a wand of scattershot (6)
Scrolls
 e - 11 scrolls of remove curse
 h - 7 scrolls of teleportation
 i - 2 scrolls of immolation
 m - 5 scrolls of enchant weapon
 o - 7 scrolls of enchant armour
 w - 4 scrolls of identify
 z - a scroll of vulnerability
 C - 3 scrolls of fog
 E - 4 scrolls of magic mapping
 H - 4 scrolls of amnesia
 R - a scroll of silence
Potions
 d - 7 potions of agility
 g - 3 potions of flight
 q - 6 potions of brilliance
 t - 2 potions of haste
 u - a potion of magic
 v - 18 potions of curing
 B - a potion of ambrosia
 P - 2 potions of might
 V - a potion of cancellation
 Z - 4 potions of invisibility
Books
 F - a book of Necromancy

   Spells                             Type                      Level
   a - Pain                           Necromancy                   1
   b - Animate Skeleton               Necromancy                   1
   c - Vampiric Draining              Necromancy                   3
   d - Regeneration                   Charms/Necromancy            3
   e - Animate Dead                   Necromancy                   4
   f - Borgnjor's Vile Clutch         Necromancy/Earth             5
 M - a manual of Shields
 Y - a book of Clouds

   Spells                             Type                      Level
   a - Poisonous Vapours              Poison/Air                   2
   b - Mephitic Cloud                 Conjuration/Poison/Air       3
   c - Conjure Flame                  Conjuration/Fire             3
   d - Freezing Cloud                 Conjuration/Ice/Air          6
   e - Ring of Flames                 Charms/Fire                  7
Comestibles
 f - 44 rations


   Skills:
 + Level 12.4 Fighting
 - Level 10.5 Short Blades
 + Level 11.5 Armour
 * Level 21.9 Stealth
 + Level 7.6 Shields
 - Level 16.5 Invocations


You had 17 spell levels left.
You didn't know any spells.

Dungeon Overview and Level Annotations

Branches:
Dungeon (15/15)            Temple (1/1) D:4            Lair (6/6) D:10
 Shoals (4/4) Lair:2       Spider (3/4) Lair:3        Slime (0/5) Lair:5
    Orc (2/2) D:12            Elf (0/3) Orc:2        Vaults (0/5) D:14
 Depths (0/5) D:15

Altars:
Ashenzari
Cheibriados
Dithmenos
Elyvilon
Fedhas
Gozag
Hepliaklqana
Kikubaaqudgha
Makhleb
Nemelex Xobeh
Okawaru
Qazlal
Ru
Sif Muna
Trog
Uskayaw
Vehumet
Wu Jian
Xom
Yredelemnul
Zin
The Shining One
Beogh
Jiyva

Shops:
D:4 (   D:8 *   D:11 *   Orc:2 ([!*   Shoals:2 ([%

Portals:
Trove: D:11 (give +6 demon whip)

Annotations:
Lair:1 exclusion: 2 oklob plants
Lair:4 exclusion: oklob plant


Innate Abilities, Weirdness & Mutations

You have razor-sharp teeth.
You heal very quickly.
When hurt, damage is shared between your health and your magic reserves.
Your bite disrupts and absorbs the magic of your enemies.
Potions cannot restore your health.
You are immune to rotting.
You are surrounded by a mild repulsion field. (EV +2)
You are clumsy. (Dex -2)
Your flesh is heat resistant. (rF+)
Your spells are a little easier to cast, but a little less powerful.


Message History

The water nymph drowns you!
* * * LOW HITPOINT WARNING * * *
The snapping turtle bites you but does no damage.
Unknown command.
Your unstable footing causes you to fumble your attack.
* * * LOW HITPOINT WARNING * * *
Your lungs strain for air!
The merfolk hits you but does no damage.
You block the merfolk's attack. The merfolk closely misses you.
The merfolk aquamancer hits you with a rapier!
* * * LOW HITPOINT WARNING * * *
You block the snapping turtle's attack.
The merfolk hits you from afar with a trident.
* * * LOW HITPOINT WARNING * * *
You block the merfolk javelineer's attack.
The water elemental hits you. x2
* * * LOW HITPOINT WARNING * * *
Unknown command.
Your unstable footing causes you to fumble your attack.
You die...

,,,,***,,≈≈≈≈≈≈≈≈≈≈≈,,≈≈≈≈≈≈≈≈≈≈≈
,,,,,,,,,,≈≈≈≈..≈≈≈≈≈≈≈≈≈≈≈≈≈≈≈≈≈
,,,≈,*******≈....≈≈≈≈≈≈≈≈≈≈≈≈≈≈≈≈
,≈≈≈**≈≈≈≈≈#*..?..≈≈≈≈≈≈≈≈≈≈≈≈≈≈≈
≈≈≈**≈#≈≈≈≈≈##....≈≈≈≈≈≈≈≈≈≈≈≈≈≈≈
≈≈≈*≈#≈≈≈≈≈≈≈#..mm.≈≈≈≈≈≈≈≈≈≈≈≈≈≈
≈≈≈*≈≈≈≈#≈#≈.#.mmmm.≈≈≈≈≈≈≈≈≈≈≈≈≈
≈≈≈#≈≈≈##≈m).#.EtmE..≈≈≈≈≈≈≈≈≈≈≈≈
≈≈≈#≈≈≈≈t≈≈..#EE@m.m.≈≈≈≈≈≈≈≈≈≈≈≈
≈≈≈#≈≈≈#≈..#.#≈mm....≈≈≈≈≈≈≈≈≈≈≈≈
≈≈≈##≈≈≈≈.#.#≈t≈≈...≈≈≈≈≈≈≈≈≈≈≈≈≈
≈≈≈≈##≈[≈≈.#...<$...≈≈≈≈≈≈≈≈≈≈≈≈≈
....≈######.........≈≈≈≈≈≈≈≈≈≈≈≈≈
.....≈≈≈............≈≈≈≈≈≈≈≈≈≈≈≈≈
...######≈≈.........≈≈≈≈≈≈≈≈≈≈≈≈≈
..#.≈≈≈≈##≈≈≈≈.....≈≈≈≈≈≈≈≈≈≈≈≈≈≈
(#..#≈≈≈≈##≈≈≈≈...≈≈≈≈≈≈≈≈≈≈≈≈≈≈≈


You could see 2 merfolk javelineers, a merfolk aquamancer, 2 snapping turtles, 6
merfolk, 4 water elementals, a merfolk siren and a water nymph.

Vanquished Creatures
  Rupert (Lair:5)
  Asterion (Spider:1)
  Frances (Shoals:2)
  Kirke (D:13)
  Donald (Orc:2)
  Ilsuiw (Shoals:4)
  A frost giant (IceCv)
  An orc warlord (Orc:2)
  An emperor scorpion (Spider:2)
  The ghost of Eli the Blocker, a journeyman GnFi of Elyvilon (Orc:2)
  4 entropy weavers
  4 spark wasps
  Snorg (D:13)
  4 merfolk javelineers (Shoals:4)
  5 merfolk impalers
  4 vault guards (D:14)
  Erolcha (D:12)
  6 hydras
  An alligator snapping turtle (Shoals:4)
  4 merfolk avatars
  A death knight (D:14)
  4 centaur warriors
  A queen ant (D:10)
  6 merfolk aquamancers
  8 two-headed ogres
  5 death yaks (Lair:6)
  A satyr (Shoals:4)
  2 orc high priests (Orc:2)
  A vampire mage (D:14)
  A fire crab (Shoals:2)
  2 skeletal warriors (D:14)
  14 sea snakes
  4 unseen horrors
  A wizard (D:14)
  An iron dragon zombie (D:15)
  Pikel (D:4)
  A tengu zombie (D:15)
  An orc sorcerer (Orc:1)
  3 orc knights
  11 orb spiders
  21 wolf spiders
  10 harpies
  A necromancer (D:14)
  10 fauns
  A stone giant zombie (D:15)
  A deep elf mage (D:15)
  9 cyclopes
  6 ugly things (D:15)
  13 manticores
  9 merfolk sirens
  3 centaur zombies
  2 moths of wrath
  Maurice (D:8)
  An ice statue (IceCv)
  18 spiny frogs
  11 elephants
  8 water nymphs
  3 black mambas
  A gargoyle (D:12)
  7 komodo dragons
  2 kobold demonologists (D:11)
  11 rime drakes
  9 demonic crawlers
  2 yaktaurs
  2 ice devils (Lair:3)
  2 efreet (D:13)
  A komodo dragon (shapeshifter) (D:14)
  20 polar bears
  20 jumping spiders
  19 merfolk
  8 trolls
  5 wind drakes
  5 hornets
  Grinder (D:6)
  A queen bee (shapeshifter) (D:13)
  Prince Ribbit (D:6)
  25 blink frogs
  11 hippogriffs
  16 slime creatures
  2 dream sheep (Shoals:1)
  A snapping turtle (Shoals:1)
  Sigmund (D:4)
  2 shadows
  57 redbacks
  An ice dragon zombie (D:15)
  9 water elementals
  A spriggan (D:7)
  13 tarantellas
  2 vampires (D:14)
  4 wyverns
  6 hogs (D:13)
  A wraith (D:13)
  Eustachio (D:4)
  3 fire bats (Shoals:2)
  A human (shapeshifter) (D:15)
  26 yaks
  A basilisk (shapeshifter) (D:11)
  5 hungry ghosts
  A steam dragon (D:12)
  5 vampire mosquitoes
  Menkaure (D:5)
  Edmund (D:5)
  8 wargs
  14 water moccasins
  18 soldier ants
  2 acid dragons
  14 porcupines
  Duvessa (D:4)
  32 orc warriors
  An eye of draining (D:15)
  4 black bears
  A swamp drake (D:12)
  3 ice beasts
  3 sky beasts
  3 slaves (D:4)
  A necrophage (D:8)
  19 wolves
  13 ogres
  A boggart (D:14)
  A phantom (D:6)
  2 big kobolds
  26 centaurs
  8 crocodiles
  25 bullfrogs
  Blork the orc (D:5)
  Dowan (D:4)
  A water moccasin zombie (D:7)
  2 wyvern skeletons
  7 scorpions
  60 killer bees
  12 electric eels
  16 wights
  A howler monkey (D:6)
  9 crimson imps
  A bullfrog zombie (D:8)
  6 hounds
  A bullfrog skeleton (D:10)
  25 orc priests
  5 jellies
  9 centaur skeletons
  Terence (D:2)
  6 iguanas
  32 orc wizards
  36 worker ants
  A hound zombie (D:8)
  2 hound skeletons
  A howler monkey skeleton (D:11)
  A worker ant zombie (D:10)
  4 gnolls (D:3)
  9 adders
  4 shadow imps
  An ooze (D:2)
  3 adder skeletons
  A worm (D:4)
  A dart slug (D:2)
  2 leopard geckos (D:3)
  124 orcs
  2 ball pythons
  8 giant cockroaches
  11 goblins
  5 hobgoblins
  10 jackals
  3 quokkas
  6 bats
  5 frilled lizards
  17 kobolds
  A leopard gecko zombie (D:5)
  A quokka skeleton (D:8)
  A quokka zombie (D:9)
  14 rats
  A fungus (Lair:5)
1226 creatures vanquished.

Vanquished Creatures (others)
  A satyr (Shoals:3)
  A sea snake (Shoals:4)
  A harpy (Shoals:4)
  A merfolk siren (Shoals:2)
  A jumping spider (Spider:1)
  A wind drake (Shoals:3)
  3 polar bears (IceCv)
  A snapping turtle (Shoals:3)
  A tarantella (Spider:1)
  An orc priest (Orc:1)
  An orc (D:12)
  9 fungi
  9 plants
  3 withered plants (D:15)
34 creatures vanquished.

Grand Total: 1260 creatures vanquished

Notes
Turn   | Place    | Note
-------+----------+-------------------------------------------
     0 | D:1      | rgaf the Vine Stalker Fighter began the quest for the Orb.
     0 | D:1      | Reached XP level 1. HP: 11/11 MP: 2/2
   140 | D:1      | Reached XP level 2. HP: 13/16 MP: 3/3
   536 | D:2      | Reached XP level 3. HP: 13/19 MP: 4/4
   637 | D:2      | Found a burning altar of Makhleb.
  1002 | D:2      | Gained mutation: Your natural rate of healing is unusually fast. [Vine Stalker growth]
  1002 | D:2      | Reached XP level 4. HP: 23/23 MP: 5/5
  1099 | D:2      | Noticed Terence
  1110 | D:2      | Killed Terence
  1324 | D:2      | Found a basalt altar of Yredelemnul.
  1516 | D:3      | Reached XP level 5. HP: 27/27 MP: 6/6
  1875 | D:3      | Found a glowing golden altar of the Shining One.
  1894 | D:3      | Reached skill level 5 in Short Blades
  2434 | D:4      | Reached XP level 6. HP: 32/32 MP: 7/7
  2535 | D:4      | Noticed Sigmund
  2541 | D:4      | Killed Sigmund
  2595 | D:4      | Reached XP level 7. HP: 35/35 MP: 8/8
  2658 | D:4      | Noticed Dowan
  2659 | D:4      | Noticed Duvessa
  2681 | D:4      | Noticed Pikel
  2682 | D:4      | Found Bear's Weapon Emporium.
  2690 | D:4      | Found a staircase to the Ecumenical Temple.
  2694 | Temple   | Entered the Ecumenical Temple
  2736 | Temple   | Became a worshipper of Uskayaw the Reveler
  2905 | D:4      | Reached * piety under Uskayaw
  2967 | D:4      | Reached ** piety under Uskayaw
  2977 | D:4      | Reached *** piety under Uskayaw
  2989 | D:4      | Noticed Eustachio
  3008 | D:4      | Killed Eustachio
  3364 | D:4      | Killed Duvessa
  3364 | D:4      | Gained mutation: You have razor-sharp teeth. [Vine Stalker growth]
  3364 | D:4      | Reached XP level 8. HP: 37/39 MP: 9/9
  3492 | D:4      | Killed Pikel
  3553 | D:4      | Killed Dowan
  3587 | D:5      | Entered Level 5 of the Dungeon
  3804 | D:5      | Found Keiss's Gadget Boutique.
  3804 | D:5      | Noticed Blork the orc
  3812 | D:5      | Killed Blork the orc
  3885 | D:5      | Reached skill level 10 in Short Blades
  3909 | D:5      | Noticed Edmund
  3939 | D:5      | Killed Edmund
  3979 | D:5      | Reached XP level 9. HP: 30/43 MP: 10/10
  4048 | D:5      | Noticed Menkaure
  4065 | D:5      | Killed Menkaure
  4134 | D:5      | Found a shimmering altar of Xom.
  4136 | D:5      | Found an opulent altar of Gozag.
  4136 | D:5      | Found a shimmering altar of Xom.
  4138 | D:5      | Found a glowing golden altar of the Shining One.
  4138 | D:5      | Found an ancient bone altar of Kikubaaqudgha.
  4138 | D:5      | Found a shimmering altar of Xom.
  4572 | D:5      | Reached skill level 1 in Stealth
  4575 | D:5      | Reached skill level 1 in Invocations
  4744 | D:6      | Noticed Prince Ribbit
  4968 | D:6      | Reached skill level 2 in Stealth
  5006 | D:6      | Killed Prince Ribbit
  5058 | D:6      | Reached skill level 3 in Stealth
  5298 | D:6      | Found a shattered altar of Ashenzari.
  5357 | D:6      | Noticed Grinder
  5372 | D:6      | Killed Grinder
  5372 | D:6      | Reached skill level 4 in Stealth
  5461 | D:7      | Got a black opal-encrusted ring mail
  5462 | D:7      | Identified the cursed +1 ring mail of Boiling Hail {+Fly Int+5} (You found it on level 7 of the Dungeon)
  5500 | D:7      | Reached **** piety under Uskayaw
  5519 | D:7      | Reached skill level 5 in Stealth
  5666 | D:7      | Reached XP level 10. HP: 49/49 MP: 14/14
  5760 | D:7      | Reached skill level 6 in Stealth
  6048 | D:7      | Reached skill level 5 in Invocations
  6574 | D:8      | Reached skill level 7 in Stealth
  6594 | D:8      | Reached ***** piety under Uskayaw
  6635 | D:8      | Found a glowing silver altar of Zin.
  6635 | D:8      | Found an iron altar of Okawaru.
  6720 | D:8      | Noticed Maurice
  6752 | D:8      | Killed Maurice
  7140 | D:8      | Reached skill level 8 in Stealth
  7215 | D:9      | HP: 2/51 [poisoned by an orc warrior]
  7221 | D:9      | HP: 3/76 [poisoned by an orc warrior]
  7815 | D:8      | Reached skill level 5 in Fighting
  7860 | D:8      | Noticed a two-headed ogre
  7931 | D:7      | Killed a two-headed ogre
  7931 | D:7      | Reached skill level 9 in Stealth
  7931 | D:7      | Reached XP level 11. HP: 48/56 MP: 15/17
  8115 | D:8      | Found Simumug's Assorted Antiques.
  8120 | D:8      | Bought a pitted scale mail for 189 gold pieces
  8120 | D:8      | Identified the +2 scale mail of Hide-and-Seek {rC+ MR+} (You bought it in a shop on level 8 of the Dungeon)
  8549 | D:9      | Reached skill level 5 in Armour
  8567 | D:9      | Noticed a two-headed ogre
  8921 | D:9      | Killed a two-headed ogre
  8951 | D:9      | Reached skill level 10 in Stealth
  9188 | D:10     | Entered Level 10 of the Dungeon
  9356 | D:10     | Found a staircase to the Lair.
  9376 | D:10     | Reached ****** piety under Uskayaw
  9820 | D:10     | Noticed a queen ant
  9902 | D:10     | Killed a queen ant
  9902 | D:10     | Reached skill level 11 in Stealth
 10046 | D:10     | Killed an unseen horror
 10202 | D:10     | Gained mutation: You heal very quickly. [Vine Stalker growth]
 10202 | D:10     | Reached XP level 12. HP: 61/61 MP: 19/19
 10771 | D:11     | Noticed a two-headed ogre
 10774 | D:11     | Killed a two-headed ogre
 10819 | D:11     | Noticed a four-headed hydra
 10839 | D:11     | Reached skill level 12 in Stealth
 10900 | D:11     | Killed a four-headed hydra
 10945 | D:11     | Found Qeashroli's Assorted Antiques.
 10964 | D:11     | Bought a heavily runed helmet for 304 gold pieces
 10964 | D:11     | Identified the +2 helmet of Ru's Condemnation {Int+3} (You bought it in a shop on level 11 of the Dungeon)
 10979 | D:11     | Found a portal to a secret trove of treasure.
 11037 | D:11     | Noticed a two-headed ogre
 11046 | D:11     | Killed a two-headed ogre
 11077 | D:11     | Noticed a sun demon
 11193 | D:11     | Noticed a soul eater
 11216 | D:11     | Reached skill level 10 in Invocations
 11550 | Lair:1   | Entered Level 1 of the Lair of Beasts
 11887 | Lair:1   | Reached skill level 13 in Stealth
 11993 | Lair:1   | Reached XP level 13. HP: 62/67 MP: 21/21
 12841 | Lair:2   | Found a staircase to the Shoals.
 13274 | Lair:2   | Reached skill level 14 in Stealth
 13486 | Lair:3   | Found a frozen archway.
 13497 | IceCv    | Entered an ice cave
 14052 | IceCv    | Noticed a frost giant
 14092 | IceCv    | Killed a frost giant
 14173 | IceCv    | Identified Uhaalef's Compendium of the Snowflakes
 14771 | Lair:3   | Reached skill level 15 in Stealth
 14771 | Lair:3   | Reached XP level 14. HP: 43/74 MP: 24/24
 15074 | Lair:3   | Found a hole to the Spider Nest.
 16393 | Lair:4   | Found a blossoming altar of Fedhas.
 16973 | Lair:5   | Reached skill level 16 in Stealth
 17038 | Lair:5   | Noticed Rupert
 17058 | Lair:5   | Killed Rupert
 17409 | Lair:5   | Found a staircase to the Slime Pits.
 17410 | Lair:5   | Found a viscous altar of Jiyva.
 17859 | Lair:6   | Entered Level 6 of the Lair of Beasts
 18590 | Lair:6   | Paralysed by a hornet for 1 turns
 18612 | Lair:6   | Reached XP level 15. HP: 58/79 MP: 22/26
 18730 | Lair:6   | Reached skill level 17 in Stealth
 18814 | Lair:6   | HP: 2/79 [drowned by a drowned soul[a merfolk avatar] (10)]
 18991 | Lair:6   | Identified Gijotod's Collected Works on the Aerial Frostbite
 18994 | Lair:6   | Identified the +1 helmet "Ynka" {Dex+4} (You found it on level 6 of the Lair of Beasts)
 19005 | Lair:6   | Identified the cursed ring of Giback {rN+ Dex-2} (You found it on level 6 of the Lair of Beasts)
 19764 | D:12     | Found a staircase to the Orcish Mines.
 19912 | D:12     | Noticed Erolcha
 19927 | D:12     | Killed Erolcha
 20243 | Orc:1    | Entered Level 1 of the Orcish Mines
 20291 | Orc:1    | Found a roughly hewn altar of Beogh.
 20291 | Orc:1    | Found a flagged portal.
 20937 | Orc:2    | Entered Level 2 of the Orcish Mines
 20957 | Orc:2    | Found a roughly hewn altar of Beogh.
 21043 | Orc:2    | Found a staircase to the Elven Halls.
 21109 | Orc:2    | Found a roughly hewn altar of Beogh.
 21109 | Orc:2    | Found Eschilugaf's Assorted Antiques.
 21110 | Orc:2    | Found a roughly hewn altar of Beogh.
 21132 | Orc:2    | Noticed Eli's ghost (journeyman GnFi)
 21223 | Orc:2    | Killed Eli's ghost
 21294 | Orc:2    | Found a roughly hewn altar of Beogh.
 21524 | Orc:2    | Reached skill level 10 in Fighting
 21590 | Orc:2    | Noticed an orc warlord
 21598 | Orc:2    | Killed an orc warlord
 21613 | Orc:2    | Found Fumye's Antique Weapon Boutique.
 21614 | Orc:2    | Found a roughly hewn altar of Beogh.
 21617 | Orc:2    | Found Henac's Antique Armour Shop.
 21826 | Orc:2    | Noticed Donald
 21849 | Orc:2    | Killed Donald
 21994 | Orc:2    | Found a roughly hewn altar of Beogh.
 22070 | Orc:2    | Found a roughly hewn altar of Beogh.
 22085 | Orc:2    | Found Hajijad's Distillery.
 22476 | D:13     | Reached skill level 18 in Stealth
 22506 | D:13     | Noticed Snorg
 22522 | D:13     | Killed Snorg
 22637 | D:13     | Noticed Kirke
 22675 | D:13     | Killed Kirke
 22675 | D:13     | Reached XP level 16. HP: 82/85 MP: 27/27
 23376 | D:14     | Found a gate to the Vaults.
 23429 | D:14     | Reached skill level 15 in Invocations
 24422 | D:15     | Entered Level 15 of the Dungeon
 24424 | D:15     | Found a staircase to the Depths.
 25004 | D:14     | Reached skill level 19 in Stealth
 25082 | D:15     | Reached skill level 10 in Armour
 26648 | Spider:1 | Entered Level 1 of the Spider Nest
 27391 | Spider:1 | Reached XP level 17. HP: 74/91 MP: 22/29
 28076 | Spider:2 | Noticed Asterion
 28146 | Spider:1 | Noticed an Executioner
 28157 | Spider:1 | Killed Asterion
 28726 | Spider:2 | Reached skill level 20 in Stealth
 28757 | Spider:2 | You fall through a shaft!
 30203 | Spider:2 | Found the +3 pair of gauntlets of War {Slay+5}
 30657 | Spider:2 | You fall through a shaft!
 30816 | Shoals:1 | Entered Level 1 of the Shoals
 31941 | Shoals:2 | Noticed Frances
 31952 | Shoals:2 | Killed Frances
 31972 | Shoals:2 | Reached XP level 18. HP: 97/97 MP: 31/31
 32083 | Shoals:2 | Found Aget's Food Shoppe.
 32122 | Shoals:2 | Found a gateway to a bazaar.
 32153 | Bazaar   | Entered a bazaar
 32153 | Bazaar   | Found Coqeowoh's Magic Scroll Boutique.
 32159 | Bazaar   | Found Zirphuq's General Store.
 32178 | Bazaar   | Found Wecipt's Gadget Boutique.
 32191 | Bazaar   | Found Woblorriode's Magic Scroll Emporium.
 32201 | Bazaar   | Found Doushrir's Food Boutique.
 32214 | Bazaar   | Bought a scroll of magic mapping for 35 gold pieces
 32214 | Bazaar   | Bought a scroll of enchant weapon for 75 gold pieces
 32214 | Bazaar   | Bought a scroll of magic mapping for 35 gold pieces
 32214 | Bazaar   | Bought a scroll of enchant armour for 75 gold pieces
 32234 | Bazaar   | Bought a scroll of teleportation for 51 gold pieces
 32234 | Bazaar   | Bought a scroll of magic mapping for 59 gold pieces
 32474 | Shoals:2 | Found Cuolotups's Armour Shoppe.
 32489 | Shoals:2 | Reached skill level 5 in Shields
 32597 | Shoals:2 | Reached skill level 21 in Stealth
 32636 | Shoals:2 | Found Jiess's Antique Weapon Emporium.
 32647 | Shoals:2 | Bought a polished rapier for 315 gold pieces
 32647 | Shoals:2 | Identified the +10 rapier "Earthworm" {distort, rC+ rN+} (You bought it in a shop on level 2 of the Shoals)
 33627 | Shoals:4 | Entered Level 4 of the Shoals
 34088 | Shoals:4 | Got a barnacled rune of Zot
 34146 | Shoals:4 | Noticed Ilsuiw
 34233 | Shoals:4 | Killed Ilsuiw
 34581 | Shoals:4 | Identified the Collected Works on Battle Magic and Self-Improvement
 34622 | Shoals:4 | Gained mutation: You are clumsy. (Dex -2) [potion of mutation]
 34622 | Shoals:4 | Gained mutation: You are surrounded by a mild repulsion field. (EV +2) [potion of mutation]
 34622 | Shoals:4 | Gained mutation: Your spells are a little easier to cast, but a little less powerful. [potion of mutation]
 34622 | Shoals:4 | Gained mutation: Your flesh is heat resistant. (rF+) [potion of mutation]
 34624 | Shoals:4 | HP: 4/98 [merfolk/trident (1)]
 34624 | Shoals:4 | HP: 1/98 [water elemental (3)]
 34625 | Shoals:4 | Drowned by a water elemental

Skill      XL: |  1  2  3  4  5  6  7  8  9 10 11 12 13 14 15 16 17 18 |
---------------+-------------------------------------------------------+-----
Short Blades   | 2 3 4 5 6 8 10 | 10.5
Stealth        | 5 9 11 13 15 16 18 19 20 21 | 21.9
Invocations    | 4 7 8 10 12 13 14 15 16 | 16.5
Fighting       | 3 5 6 7 8 9 10 11 12 | 12.4
Armour         | 3 4 5 6 7 8 9 10 11 | 11.5
Shields        | 4 7 |  7.6

Action                   |  1- 3 |  4- 6 |  7- 9 | 10-12 | 13-15 | 16-18 || total
-------------------------+-------+-------+-------+-------+-------+-------++-------
Melee: Rapier            |    73 |   126 |   333 |   427 |    30 |   313 ||  1302
       Bite              |    14 |    31 |   122 |   341 |   859 |   785 ||  2152
       Unarmed           |       |       |     4 |       |       |       ||     4
       Dagger            |       |       |       |   574 |  1979 |  1539 ||  4092
Invok: Grand Finale      |       |       |       |     1 |     6 |     4 ||    11
       Stomp             |       |       |       |       |     1 |       ||     1
 Abil: Evoke Berserk Rag |       |       |       |     1 |       |       ||     1
Evoke: Wand              |       |       |       |    13 |    38 |    12 ||    63
  Use: Potion            |       |     1 |       |     4 |     1 |    11 ||    17
       Scroll            |       |       |     6 |    18 |    11 |     7 ||    42
 Stab: Paralysed         |       |       |     5 |    52 |   128 |   113 ||   298
       Sleeping          |       |       |       |    11 |    16 |    17 ||    44
       Distracted        |       |       |       |     1 |     6 |     4 ||    11
       Confused          |       |       |       |       |     2 |       ||     2
       Held in net/web   |       |       |       |       |       |     1 ||     1
  Eat: Chunk             |       |     6 |     9 |    17 |    34 |    21 ||    87
       Ration            |       |       |       |     2 |     3 |     8 ||    13
Armor: Scale mail        |    19 |    15 |    51 |   162 |   237 |       ||   484
       Chain mail        |     9 |    16 |    20 |   133 |       |       ||   178
       Skin              |       |       |       |    12 |       |    36 ||    48
       Plate armour      |       |       |       |       |   725 |  1219 ||  1944
Dodge: Dodged            |    20 |    26 |    52 |   151 |   263 |   261 ||   773
Block: Shield            |    22 |    35 |    89 |   331 |   774 |   939 ||  2190
